Map: Rifts to Korhal

Players

NamroodTuo

  • Race: Terran Terran
  • Spawn Location: 7:00

Chandrian

  • Race: Terran Terran
  • Spawn Location: 7:00

VOD

Have the link to the VOD?

Description

Time

  • Played on: Jan. 31, 2023, 9:18 a.m.
  • Length: 25:36
Show
View Real Time Build Order
Export as new Build Order

NamroodTuo Terran 

Build Orders:  

Get SALT Encoding   

  12  0:03  SCV  
  13  0:21  Supply Depot  
  13  0:25  SCV  
  14  0:39  SCV  
  15  0:53  Factory  
  15  0:57  SCV  
  16  1:11  SCV  
  16  1:15  Supply Depot  
  17  1:30  SCV  
  17  1:35  Refinery  
  18  1:43  SCV  
  18  1:47  Refinery  
  19  1:59  Armory  
  19  2:20  Perdition Turret  
  19  2:21  SCV  
  20  2:34  SCV  
  21  2:51  SCV  
  22  3:05  SCV  
  23  3:18  SCV  
  23  3:19  Engineering Bay  
  24  3:32  SCV  
  25  3:45  SCV  
  26  3:59  SCV  
  27  4:12  SCV  
  28  4:26  SCV  
  29  4:35  Devastation Turret  
  29  4:40  SCV  
  30  4:52  Perdition Turret  
  30  4:53  SCV  
  31  5:06  Devastation Turret  
  31  5:17  Devastation Turret  
  31  5:31  Devastation Turret  
  31  5:47  Supply Depot  
  31  5:53  Perdition Turret  
  31  5:59  Perdition Turret  
  31  6:03  Structure Armor  
  31  6:11  Supply Depot  
  31  6:17  SCV  
  31  6:19  Supply Depot  
  32  6:24  Perdition Turret  
  32  6:30  SCV  
  32  6:33  Devastation Turret  
  33  6:44  SCV  
  33  6:48  Upgrade Laser Drill Level 1  
  34  7:02  Perdition Turret  
  34  7:28  Command Center  
  34  7:39  Spinning Dizzy  
  34  7:40  Spinning Dizzy  
  34  8:03  Perdition Turret  
  34  8:10  Terran Vehicle and Ship Weapons Level 1  
  34  8:20  Perdition Turret  
  34  8:27  Devastation Turret  
  34  9:10  SCV  
  35  9:23  SCV  
  36  9:32  Starport  
  36  9:36  Starport  
  36  9:37  SCV x2  
  36  9:39  Starport  
  38  9:51  SCV x2  
  38  9:52  Refinery  
  38  9:57  Refinery  
  40  10:04  SCV x2  
  40  10:09  Devastation Turret  
  42  10:15  Spinning Dizzy  
  42  10:18  SCV x2  
  44  10:21  Spinning Dizzy  
  44  10:31  SCV x2  
  46  10:45  SCV  
  47  10:50  Terran Vehicle And Ship Armor Level 1  
  47  10:58  SCV  
  48  11:12  SCV, Upgrade Laser Drill Level 2  
  49  11:25  SCV  
  50  11:32  Devastation Turret  
  50  11:39  SCV  
  51  11:53  SCV  
  51  11:55  Supply Depot  
  51  11:57  Supply Depot  
  52  12:02  Supply Depot, Devastation Turret  
  52  12:06  SCV  
  53  12:11  Starport Tech Lab  
  53  12:12  Starport Tech Lab  
  53  12:14  Starport Tech Lab  
  53  12:20  SCV  
  53  12:27  Supply Depot  
  54  12:31  Supply Depot  
  54  12:33  SCV, Supply Depot  
  55  12:47  Science Vessel x3  
  61  13:35  Science Vessel x3, Terran Vehicle And Ship Armor Level 2  
  67  13:42  Supply Depot  
  67  13:45  Supply Depot  
  67  13:49  Supply Depot  
  67  14:07  SCV  
  68  14:21  SCV  
  68  14:23  Science Vessel x3  
  75  14:34  SCV  
  76  14:58  Perdition Turret  
  76  15:11  Science Vessel  
  76  15:19  Pulse Amplifier  
  78  15:21  Improved Nano-Repair  
  78  16:42  Science Vessel x2  
  78  16:43  Science Vessel  
  78  16:45  Terran Vehicle and Ship Weapons Level 2  
  84  17:30  Science Vessel x2  
  84  17:31  Science Vessel  
  90  18:39  Spinning Dizzy  
  90  19:19  Wraith  
  92  19:20  Wraith x2  
  96  19:52  Supply Depot  
  96  19:54  Supply Depot  
  96  19:55  Terran Vehicle And Ship Armor Level 3  
  96  19:56  Supply Depot  
  96  19:59  Wraith  
  98  20:00  Wraith x2  
  102  20:25  Supply Depot  
  102  20:30  Supply Depot  
  102  20:39  Wraith, Supply Depot  
  104  20:40  Wraith x2  
  108  20:59  Supply Depot  
  108  21:02  Supply Depot  
  108  21:11  Supply Depot  
  108  21:19  Wraith  
  110  21:20  Wraith x2  
  114  21:59  Wraith  
  133  22:00  Wraith x2  
  120  22:39  Wraith x3  
  126  23:19  Wraith x3  
  132  23:59  Wraith x3  
  138  24:39  Wraith x3  
Show
View Real Time Build Order
Export as new Build Order

Chandrian Terran 

Build Orders:  

Get SALT Encoding   

  12  0:08  SCV  
  13  0:25  SCV  
  13  0:28  Supply Depot  
  14  0:42  SCV  
  15  1:06  SCV  
  16  1:13  Barracks, Refinery  
  16  1:23  SCV  
  16  1:24  Supply Depot  
  17  1:40  SCV  
  17  1:48  Marine  
  19  1:53  Supply Depot  
  19  1:57  SCV  
  20  2:00  Marine  
  21  2:13  Marine  
  21  2:14  SCV  
  23  2:25  Marine  
  24  2:31  SCV  
  24  2:38  Marine  
  26  2:46  Refinery  
  26  2:48  SCV  
  27  3:04  Marine  
  27  3:05  SCV  
  29  3:18  Factory  
  29  3:22  SCV  
  29  3:23  Supply Depot  
  30  3:36  Unknown, Barracks Tech Lab  
  30  3:39  SCV  
  31  3:56  SCV  
  32  4:09  Command Center  
  32  4:13  SCV  
  33  4:29  SCV  
  34  4:43  Starport  
  34  4:46  SCV  
  35  5:06  SCV  
  36  5:13  Medic  
  38  5:23  SCV  
  38  5:26  Unknown  
  39  5:40  SCV  
  40  5:57  SCV  
  40  5:58  SCV  
  42  6:02  Armory  
  42  6:05  Starport Tech Lab  
  42  6:14  SCV  
  42  6:16  Concussive Shells  
  42  6:17  Marauder  
  45  6:30  SCV  
  45  6:31  SCV  
  45  6:34  Refinery  
  45  6:39  Refinery  
  47  6:47  SCV  
  47  6:48  SCV  
  49  7:04  SCV  
  49  7:05  SCV  
  50  7:18  Starport  
  50  7:21  SCV  
  50  7:22  SCV  
  50  7:25  Phobos Weapons System  
  50  7:29  Terran Vehicle and Ship Weapons Level 1  
  52  7:38  SCV  
  52  7:39  SCV  
  54  7:55  SCV  
  54  7:56  SCV  
  54  7:59  Viking  
  58  8:12  SCV  
  58  8:19  Armory  
  59  8:20  Viking  
  59  8:29  SCV  
  62  8:30  Orbital Command  
  62  8:33  Starport Reactor  
  62  9:19  Starport Reactor  
  62  9:26  Supply Depot  
  62  9:27  Terran Vehicle And Ship Armor Level 1  
  62  9:56  SCV, Viking x2  
  67  10:00  Supply Depot  
  67  10:13  Orbital Command  
  67  10:17  Viking  
  69  10:30  Viking x3  
  69  10:32  Supply Depot  
  69  10:33  Supply Depot  
  69  10:38  Viking  
  77  10:48  Terran Vehicle and Ship Weapons Level 2  
  77  11:02  Viking x4  
  77  11:06  Supply Depot  
  77  11:07  Supply Depot  
  85  11:23  Viking x4  
  93  11:39  Supply Depot  
  93  11:44  Viking x4  
  93  11:45  Supply Depot  
  101  12:05  Viking x2  
  105  12:18  Supply Depot  
  105  12:22  Viking  
  105  12:23  Viking  
  105  12:26  Viking x2  
  113  12:43  Viking  
  113  12:44  Viking  
  113  12:47  Viking x2  
  119  13:10  Supply Depot  
  119  13:13  SCV  
  120  13:30  SCV  
  120  13:38  Viking  
  120  13:39  Viking x3  
  129  13:42  SCV, Supply Depot  
  130  13:59  SCV, Viking  
  133  14:00  Viking x3  
  139  14:15  Supply Depot  
  139  14:25  Viking  
  139  14:26  Viking x3  
  147  14:46  Viking  
  147  14:47  Supply Depot  
  149  16:03  Supply Depot  
  145  16:16  Viking x4  
  153  16:35  Supply Depot  
  153  16:36  Terran Vehicle and Ship Weapons Level 3  
  153  16:37  Viking x4, Terran Vehicle And Ship Armor Level 2  
  161  16:58  Viking x4  
  169  17:06  Supply Depot  
  159  17:18  Viking  
  159  17:19  Viking  
  153  17:38  Supply Depot  
  153  17:42  Viking  
  153  17:43  Viking x3  
  157  18:03  Viking  
  157  18:04  Viking x3  
  154  18:24  Viking x4  
  160  18:31  Supply Depot  
  156  18:45  Viking x2  
  154  19:02  Supply Depot  
  154  19:05  Viking x2  
  154  19:06  Viking x2  
  162  19:25  Viking  
  162  19:26  Viking  
  162  19:27  Viking  
  168  19:38  Supply Depot  
  168  19:43  Viking  
  168  19:46  Viking  
  168  19:47  Viking  
  174  19:56  Viking  
  176  20:04  Viking  
  152  22:13  Viking  
  152  22:14  Viking x3  
  160  22:34  Viking  
  160  22:35  Viking x3  
  168  22:55  Viking  
  168  22:56  Viking x3  
  173  23:16  Viking  
  173  23:17  Viking x3  
  181  23:37  Viking  
  181  23:38  Viking x3  
  189  23:58  Viking  
  189  23:59  Viking x3  
  197  24:19  Viking  
  193  24:20  Viking x3  
  193  24:40  Viking  
  193  24:41  Viking x2  
  187  25:01  Viking  
  187  25:02  Viking  
Tags
 
Commander
RaynorSwann
Matchup
Co-op
Replay Pack
Multiplayer
Add a new tag
Caveats
  • Supply blocks, unpowered buildings, or Contaminate may cause inaccurate times.
  • Supply counts are checked every 10 seconds.